TOP OF THE 1ST |
Peoria Chiefs batting - Pitching for South Bend Cubs : RHP Anastagio Fasola
|
Pitching: RHP Anastagio Fasola
|
|
Batting: SHB Hank Arias
|
0-0: Foul Ball, location: 2F 0-1: Swinging Strike 0-2: Ball 1-2: Strikes out swinging
|
Batting: RHB Pat Scaturro
|
0-0: Called Strike 0-1: Called Strike 0-2: Ball 1-2: Ball 2-2: TRIPLE (Flyball, 9D, EV 93.1 MPH)
|
Batting: LHB Jorge Zarazua
|
0-0: Ball 1-0: Called Strike 1-1: Ball 2-1: Ball 3-1: Called Strike 3-2: Base on Balls
|
Batting: RHB Edgar Landim
|
0-0: SINGLE (Flyball, 34D, EV 92.5 MPH) Pat Scaturro scores Jorge Zarazua to second
|
Batting: RHB Chris Norris
|
0-0: Called Strike 0-1: Fly out, F7 (Flyball, 7, EV 91.2 MPH)
|
Batting: RHB Tim Jobe
|
0-0: Ball 1-0: Ball 2-0: 3-RUN HOME RUN (Flyball, 7D, EV 105.6 MPH), Distance : 403 ft
|
Batting: RHB Kyle Burns
|
0-0: Called Strike 0-1: Foul Ball, location: 2F 0-2: Strikes out swinging
|
Top of the 1st over - 4 runs, 3 hits, 0 errors, 0 left on base; Peoria 4 - South Bend 0 |
BOTTOM OF THE 1ST |
South Bend Cubs batting - Pitching for Peoria Chiefs : LHP Jake Richards
|
Pitching: LHP Jake Richards
|
|
Batting: RHB Puluke Konane
|
0-0: Fly out, F9 (Flyball, 89S, EV 95.0 MPH)
|
Batting: LHB Kwang-chih Men
|
0-0: Ball 1-0: Ball 2-0: Swinging Strike 2-1: Ball 3-1: Ground out 6-3 (Groundball, 6M, EV 81.9 MPH)
|
Batting: RHB Taylor Garofalo
|
0-0: Ground out 4-3 (Groundball, 4, EV 100.0 MPH)
|
Bottom of the 1st over - 0 runs, 0 hits, 0 errors, 0 left on base; Peoria 4 - South Bend 0 |
TOP OF THE 2ND |
Peoria Chiefs batting - Pitching for South Bend Cubs : RHP Anastagio Fasola
|
Batting: RHB Ben Politi
|
0-0: Ball 1-0: Ball 2-0: Ball 3-0: Base on Balls
|
Batting: RHB Tim Cleary
|
0-0: Swinging Strike 0-1: Called Strike 0-2: DOUBLE (Line Drive, 3D, EV 100.0 MPH) Ben Politi to third
|
Batting: SHB Hank Arias
|
0-0: Foul Ball, location: 2F 0-1: Called Strike 0-2: Strikes out looking
|
Batting: RHB Pat Scaturro
|
0-0: Called Strike 0-1: Swinging Strike 0-2: Ground out 5-3 (Groundball, 56S, EV 67.5 MPH) Ben Politi scores Tim Cleary to third
|
Batting: LHB Jorge Zarazua
|
0-0: Foul Ball, location: 2F 0-1: Fly out, F3 (Popup, 3F, EV 81.9 MPH)
|
Top of the 2nd over - 1 run, 1 hit, 0 errors, 1 left on base; Peoria 5 - South Bend 0 |
BOTTOM OF THE 2ND |
South Bend Cubs batting - Pitching for Peoria Chiefs : LHP Jake Richards
|
Batting: RHB Roy Battist
|
0-0: Called Strike 0-1: Ball 1-1: Called Strike 1-2: Strikes out looking
|
Batting: RHB Han-seung Hah
|
0-0: Called Strike 0-1: Ground out 6-3 (Groundball, 6, EV 85.6 MPH)
|
Batting: RHB Juan Bonilla
|
0-0: Ball 1-0: Swinging Strike 1-1: Ball 2-1: Ball 3-1: SINGLE (Flyball, 5D, EV 85.6 MPH)
|
Batting: RHB Denis Rachin
|
0-0: Called Strike 0-1: Foul Ball, location: 2F 0-2: Ball 1-2: Ball 2-2: Fielders Choice at 2nd, 6-4 (Groundball, 6, EV 84.4 MPH)
|
Bottom of the 2nd over - 0 runs, 1 hit, 0 errors, 1 left on base; Peoria 5 - South Bend 0 |
TOP OF THE 3RD |
Peoria Chiefs batting - Pitching for South Bend Cubs : RHP Anastagio Fasola
|
Batting: RHB Edgar Landim
|
0-0: Ball 1-0: Ball 2-0: Ball 3-0: Called Strike 3-1: Hit by Pitch
|
Batting: RHB Chris Norris
|
0-0: Called Strike 0-1: Grounds into double play, 4-6-3 (Groundball, 4, EV 85.0 MPH)
|
Batting: RHB Tim Jobe
|
0-0: Ball 1-0: Foul Ball, location: 2F 1-1: Swinging Strike 1-2: Strikes out looking
|
Top of the 3rd over - 0 runs, 0 hits, 0 errors, 0 left on base; Peoria 5 - South Bend 0 |
BOTTOM OF THE 3RD |
South Bend Cubs batting - Pitching for Peoria Chiefs : LHP Jake Richards
|
Batting: RHB Hugo Torrez
|
0-0: Ground out 6-3 (Groundball, 6, EV 85.6 MPH)
|
Batting: RHB Ryan Bush
|
0-0: Ball 1-0: Foul Ball, location: 2F 1-1: Foul Ball, location: 2F 1-2: Foul Ball, location: 2F 1-2: Strikes out swinging
|
Batting: RHB Puluke Konane
|
0-0: Ball 1-0: Called Strike 1-1: Ground out 4-3 (Groundball, 4, EV 101.2 MPH)
|
Bottom of the 3rd over - 0 runs, 0 hits, 0 errors, 0 left on base; Peoria 5 - South Bend 0 |
TOP OF THE 4TH |
Peoria Chiefs batting - Pitching for South Bend Cubs : RHP Anastagio Fasola
|
Pitching: RHP Rob Craft
|
|
Batting: RHB Kyle Burns
|
0-0: Ball 1-0: Swinging Strike 1-1: Foul Ball, location: 2F 1-2: Fly out, F8 (Flyball, 89M, EV 76.2 MPH)
|
Batting: RHB Ben Politi
|
0-0: Called Strike 0-1: Called Strike 0-2: Strikes out swinging
|
Batting: RHB Tim Cleary
|
0-0: Ball 1-0: Ball 2-0: Ball 3-0: Base on Balls
|
Batting: SHB Hank Arias
|
0-0: Foul Ball, location: 2F 0-1: Called Strike Tim Cleary steals 2nd base 0-2: Ball 1-2: Foul Ball, location: 2F 1-2: Ball 2-2: Ground out 6-3 (Groundball, 6, EV 80.6 MPH)
|
Top of the 4th over - 0 runs, 0 hits, 0 errors, 1 left on base; Peoria 5 - South Bend 0 |
BOTTOM OF THE 4TH |
South Bend Cubs batting - Pitching for Peoria Chiefs : LHP Jake Richards
|
Batting: LHB Kwang-chih Men
|
0-0: Ground out 4-3 (Groundball, 4, EV 91.2 MPH)
|
Batting: RHB Taylor Garofalo
|
0-0: Called Strike 0-1: Ball 1-1: SOLO HOME RUN (Flyball, 9D, EV 98.8 MPH), Distance : 393 ft
|
Batting: RHB Roy Battist
|
0-0: Ball 1-0: Called Strike 1-1: Called Strike 1-2: Strikes out swinging
|
Batting: RHB Han-seung Hah
|
0-0: Fly out, F4 (Line Drive, 4M, EV 71.9 MPH)
|
Bottom of the 4th over - 1 run, 1 hit, 0 errors, 0 left on base; Peoria 5 - South Bend 1 |
TOP OF THE 5TH |
Peoria Chiefs batting - Pitching for South Bend Cubs : RHP Rob Craft
|
Batting: RHB Pat Scaturro
|
0-0: Ball 1-0: Ball 2-0: Called Strike 2-1: Ball 3-1: Hit by Pitch
|
Batting: LHB Jorge Zarazua
|
0-0: Called Strike 0-1: Called Strike 0-2: Strikes out swinging
|
Batting: RHB Edgar Landim
|
0-0: Ball 1-0: Called Strike 1-1: Ball 2-1: Called Strike 2-2: Ball 3-2: Strikes out swinging
|
Batting: RHB Chris Norris
|
0-0: Called Strike 0-1: Foul Ball, location: 2F 0-2: Ball 1-2: Strikes out looking
|
Top of the 5th over - 0 runs, 0 hits, 0 errors, 1 left on base; Peoria 5 - South Bend 1 |
BOTTOM OF THE 5TH |
South Bend Cubs batting - Pitching for Peoria Chiefs : LHP Jake Richards
|
Batting: RHB Juan Bonilla
|
0-0: Called Strike 0-1: Ball 1-1: Ball 2-1: Called Strike 2-2: Strikes out looking
|
Batting: RHB Denis Rachin
|
0-0: Called Strike 0-1: Ball 1-1: Swinging Strike 1-2: Ball 2-2: Foul Ball, location: 2F 2-2: SINGLE (Groundball, 5D, EV 95.0 MPH)
|
Batting: RHB Hugo Torrez
|
0-0: Fly out, F7 (Flyball, 7D, EV 103.8 MPH)
|
Batting: RHB Ryan Bush
|
0-0: Called Strike 0-1: Ground out 4-3 (Groundball, 34S, EV 78.8 MPH)
|
Bottom of the 5th over - 0 runs, 1 hit, 0 errors, 1 left on base; Peoria 5 - South Bend 1 |
TOP OF THE 6TH |
Peoria Chiefs batting - Pitching for South Bend Cubs : RHP Rob Craft
|
Pitching: RHP Trevor Woodbury
|
|
Batting: RHB Tim Jobe
|
0-0: Foul Ball, location: 2F 0-1: Swinging Strike 0-2: Strikes out swinging
|
Batting: RHB Kyle Burns
|
0-0: Ball 1-0: Fly out, F9 (Line Drive, 9LS, EV 91.9 MPH)
|
Batting: RHB Ben Politi
|
0-0: Ball 1-0: Called Strike 1-1: Ball 2-1: Foul Ball, location: 2F 2-2: Ground out 6-3 (Groundball, P, EV 85.6 MPH)
|
Top of the 6th over - 0 runs, 0 hits, 0 errors, 0 left on base; Peoria 5 - South Bend 1 |
BOTTOM OF THE 6TH |
South Bend Cubs batting - Pitching for Peoria Chiefs : LHP Jake Richards
|
Batting: RHB Puluke Konane
|
0-0: Foul Ball, location: 2F 0-1: DOUBLE (Line Drive, 89D, EV 109.4 MPH)
|
Batting: LHB Kwang-chih Men
|
0-0: Called Strike 0-1: Called Strike 0-2: Ball 1-2: Fly out, F7 (Flyball, 78S, EV 73.8 MPH)
|
Batting: RHB Taylor Garofalo
|
0-0: Ball 1-0: Swinging Strike 1-1: Foul Ball, location: 2F 1-2: Strikes out swinging
|
Batting: RHB Roy Battist
|
0-0: Swinging Strike 0-1: Foul Ball, location: 2F 0-2: Ball 1-2: Ball 2-2: Ground out 4-3 (Groundball, 4, EV 99.4 MPH)
|
Bottom of the 6th over - 0 runs, 1 hit, 0 errors, 1 left on base; Peoria 5 - South Bend 1 |
TOP OF THE 7TH |
Peoria Chiefs batting - Pitching for South Bend Cubs : RHP Trevor Woodbury
|
Batting: RHB Tim Cleary
|
0-0: Ball 1-0: Foul Ball, location: 2F 1-1: Ball 2-1: Foul Ball, location: 2F 2-2: Ground out 6-3 (Groundball, 6M, EV 84.4 MPH)
|
Batting: SHB Hank Arias
|
0-0: Called Strike 0-1: Foul Ball, location: 2F 0-2: Strikes out swinging
|
Batting: RHB Pat Scaturro
|
0-0: Ball 1-0: SINGLE (Groundball, 6MD, EV 95.0 MPH)
|
Batting: LHB Jorge Zarazua
|
0-0: Ball 1-0: Ball 2-0: Ball 3-0: Base on Balls Pat Scaturro to second
|
Batting: RHB Edgar Landim
|
0-0: Ball 1-0: DOUBLE (Line Drive, 89M, EV 103.1 MPH) Pat Scaturro scores Jorge Zarazua to third Runner from 3rd tries for Home, SAFE, no throw by RF
|
Batting: RHB Chris Norris
|
0-0: Swinging Strike 0-1: Foul Ball, location: 2F 0-2: Strikes out looking
|
Top of the 7th over - 2 runs, 2 hits, 0 errors, 1 left on base; Peoria 7 - South Bend 1 |
BOTTOM OF THE 7TH |
South Bend Cubs batting - Pitching for Peoria Chiefs : LHP Jake Richards
|
Batting: RHB Han-seung Hah
|
0-0: Ball 1-0: SINGLE (Groundball, 6MD, EV 103.8 MPH)
|
Batting: RHB Juan Bonilla
|
0-0: Foul Ball, location: 2F 0-1: Fly out, F8 (Flyball, 89D, EV 80.0 MPH)
|
Batting: RHB Denis Rachin
|
0-0: Foul Ball, location: 2F 0-1: Called Strike 0-2: Strikes out looking
|
Batting: RHB Hugo Torrez
|
0-0: Swinging Strike 0-1: Called Strike 0-2: Strikes out swinging
|
Bottom of the 7th over - 0 runs, 1 hit, 0 errors, 1 left on base; Peoria 7 - South Bend 1 |
TOP OF THE 8TH |
Peoria Chiefs batting - Pitching for South Bend Cubs : RHP Trevor Woodbury
|
Batting: RHB Tim Jobe
|
0-0: Swinging Strike 0-1: Ball 1-1: Foul Ball, location: 2F 1-2: TRIPLE (Flyball, 89XD, EV 105.6 MPH)
|
Pitching: LHP Alex Gandarilla
|
|
Batting: RHB Kyle Burns
|
0-0: Fly out, F8 (Flyball, 78M, EV 84.4 MPH) Runner from 3rd tags up, SCORES, throw by CF
|
Batting: RHB Ben Politi
|
0-0: Ball 1-0: Called Strike 1-1: Foul Ball, location: 2F 1-2: Ball 2-2: Reached on error, E6 (Groundball, 56, EV 85.6 MPH)
|
Batting: RHB Tim Cleary
|
0-0: Ball 1-0: DOUBLE (Line Drive, 89D, EV 106.9 MPH) Ben Politi to third Runner from 3rd tries for Home, SAFE, throw by CF to trailing runner, SAFE at third!
|
Pitching: LHP Tom Mooney
|
|
Batting: SHB Hank Arias
|
0-0: Swinging Strike 0-1: Foul Ball, location: 2F 0-2: Foul Ball, location: 2F 0-2: Ball 1-2: Ball 2-2: Fly out, F8 (Line Drive, 78D, EV 95.0 MPH) Runner from 3rd tags up, SCORES, no throw by CF
|
Batting: RHB Pat Scaturro
|
0-0: SINGLE (Line Drive, 4MD, EV 98.1 MPH)
|
Batting: LHB Jorge Zarazua
|
0-0: Called Strike 0-1: Ball 1-1: Fielders Choice at 2nd, U6 (Groundball, 4, EV 91.9 MPH)
|
Top of the 8th over - 3 runs, 3 hits, 1 error, 1 left on base; Peoria 10 - South Bend 1 |
BOTTOM OF THE 8TH |
South Bend Cubs batting - Pitching for Peoria Chiefs : LHP Jake Richards
|
Batting: RHB Ryan Bush
|
0-0: SINGLE (Groundball, 4MD, EV 93.8 MPH)
|
Pinch Hitting: RHB Josh Burns
|
0-0: Called Strike 0-1: Ball 1-1: Fielders Choice at 2nd, 4-6 (Groundball, 4M, EV 103.8 MPH)
|
Batting: LHB Kwang-chih Men
|
0-0: Called Strike 0-1: Called Strike 0-2: Foul Ball, location: 2F 0-2: DOUBLE (Groundball, 5L, EV 95.6 MPH) Josh Burns to third
|
Batting: RHB Taylor Garofalo
|
0-0: Ground out 6-3 (Groundball, 6M, EV 76.9 MPH) Josh Burns scores Kwang-chih Men to third
|
Batting: RHB Roy Battist
|
0-0: Called Strike 0-1: Foul Ball, location: 2F 0-2: Ball 1-2: Fly out, F7 (Line Drive, 7, EV 87.5 MPH)
|
Bottom of the 8th over - 1 run, 2 hits, 0 errors, 1 left on base; Peoria 10 - South Bend 2 |
TOP OF THE 9TH |
Peoria Chiefs batting - Pitching for South Bend Cubs : LHP Tom Mooney
|
Now in LF: Josh Burns
|
|
Batting: RHB Edgar Landim
|
0-0: Ball 1-0: Foul Ball, location: 2F 1-1: Ball 2-1: Swinging Strike 2-2: Strikes out swinging
|
Batting: RHB Chris Norris
|
0-0: Ball 1-0: SINGLE (Groundball, 4S, EV 96.9 MPH)
|
Batting: RHB Tim Jobe
|
0-0: Ball 1-0: Called Strike 1-1: Ball 2-1: Swinging Strike 2-2: Ball 3-2: Foul Ball, location: 2F 3-2: Foul Ball, location: 2F 3-2: Foul Ball, location: 2F 3-2: Foul Ball, location: 2F 3-2: Foul Ball, location: 2F 3-2: Foul Ball, location: 2F 3-2: Base on Balls Chris Norris to second
|
Batting: RHB Kyle Burns
|
0-0: Ball 1-0: Ball 2-0: Called Strike 2-1: Called Strike 2-2: Foul Ball, location: 2F 2-2: Fly out, F8 (Line Drive, 8LD, EV 93.8 MPH)
|
Pitching: RHP Angel Pesina
|
|
Batting: RHB Ben Politi
|
0-0: Single, Error in OF, E7, batter to second base (Line Drive, 78M, EV 85.0 MPH) Chris Norris scores Tim Jobe to third
|
Batting: RHB Tim Cleary
|
0-0: Called Strike 0-1: Ground out 4-3 (Groundball, 34, EV 94.4 MPH)
|
Top of the 9th over - 1 run, 2 hits, 1 error, 2 left on base; Peoria 11 - South Bend 2 |
BOTTOM OF THE 9TH |
South Bend Cubs batting - Pitching for Peoria Chiefs : LHP Jake Richards
|
Batting: RHB Han-seung Hah
|
0-0: Called Strike 0-1: Swinging Strike 0-2: Ground out 6-3 (Groundball, 56, EV 79.4 MPH)
|
Pitching: RHP Eugene Stott
|
|
Batting: RHB Juan Bonilla
|
0-0: Ball 1-0: Ball 2-0: Fly out, F9 (Flyball, 9LS, EV 90.0 MPH)
|
Batting: RHB Denis Rachin
|
0-0: Called Strike 0-1: Foul Ball, location: 2F 0-2: Foul Ball, location: 2F 0-2: SINGLE (Groundball, 56D, EV 102.5 MPH)
|
Pinch Hitting: LHB Hiroki Yamamoto
|
0-0: Called Strike 0-1: Swinging Strike 0-2: Foul Ball, location: 2F 0-2: Ball 1-2: Strikes out swinging
|
Bottom of the 9th over - 0 runs, 1 hit, 0 errors, 1 left on base; Peoria 11 - South Bend 2 |
|